 Dungeon Crawl Stone Soup version 0.23.2-40-g277498a001 (webtiles) character file.

Game seed: 18297683643413008301

217 Curus the Poker (level 5, -11/45 HPs)
             Began as a Minotaur Monk on Oct 20, 2019.
             Was a Believer of Okawaru.
             Splashed by Ijyb's acid (14 damage)
             ... on level 3 of the Dungeon.
             The game lasted 00:10:06 (1865 turns).

Curus the Poker (Minotaur Monk)                     Turns: 1865, Time: 00:10:07

Health: -11/45     AC: 12    Str: 15    XL:     5   Next: 62%
Magic:  4/4        EV:  7    Int:  7    God:    Okawaru [**....]
Gold:   201        SH:  0    Dex: 14    Spells: 4/4 levels left

rFire    . . .     SeeInvis .   a - +1 spear
rCold    . . .     Gourm    .   (no shield)
rNeg     . . .     Faith    .   f - +1 chain mail
rPois    .         Spirit   .   (helmet restricted)
rElec    .         Reflect  .   (no cloak)
rCorr    .         Harm     .   i - +2 pair of gloves
MR       .....                  (no boots)
Stlth    ..........             (no amulet)
HPRegen  0.15/turn              (no ring)
MPRegen  0.09/turn              (no ring)

@: no status effects
A: retaliatory headbutt, horns 2
a: Heroism, Renounce Religion


You were on level 3 of the Dungeon.
You worshipped Okawaru.
Okawaru was pleased with you.
You were not hungry.

You visited 1 branch of the dungeon, and saw 3 of its levels.

You collected 201 gold pieces.

Inventory:

Hand Weapons
 a - a +1 spear (weapon)
Armour
 b - a +0 robe
 f - a +1 chain mail (worn)
 i - a +2 pair of gloves (worn)
Scrolls
 d - 3 scrolls of identify
 e - a scroll of magic mapping
Potions
 g - a potion of curing
 j - a potion of resistance
Comestibles
 c - 7 rations
 h - a chunk of flesh


   Skills:
 - Level 3.6 Fighting
 + Level 7.7 Polearms
 - Level 3.2 Dodging
 - Level 1.5 Stealth


You had 4 spell levels left.
You didn't know any spells.
Your spell library was empty.

Dungeon Overview and Level Annotations

Branches:
Dungeon (3/15)

Altars:
Cheibriados
Okawaru
Uskayaw
Xom

Annotations:
D:3 Ijyb


Innate Abilities, Weirdness & Mutations

You reflexively headbutt those who attack you in melee.
You have a pair of horns on your head.


Message History

the +1 helmet of Kikubaaqudgha's Pride {rF+ Dex+5 SInv} the hobgoblin corpse of Robin
Things that are here:
a +0 club; 15 stones; a hobgoblin corpse
Things that are here:
a +0 club; 15 stones; a hobgoblin corpse
Items here: ) ††† a +0 short sword; a hobgoblin corpse; a goblin corpse; a kobold corpse
Items here: ( ))) †† You see here a stone.
Things that are here:
a +0 hand axe; a goblin skeleton
There is a stone staircase leading down here.
Ijyb the Twisted Goblin comes into view.
She is carrying a wand of acid (8).
Ijyb zaps a wand.
The bolt of acid hits you.
You are splashed with acid!
Found a scroll labeled UGALOU XOORPH.
Found a stone staircase leading down.
Ijyb zaps a wand.
The bolt of acid hits you!
* * * LOW HITPOINT WARNING * * *
You are splashed with acid!
You die...

####.............#..##.#.##.....
#...............................
###################..#.#))......
##.....)...... #...........<
###### ###........... #.....
###....#÷.......
#.....##.>...##........
#.....@..#.#........#..
#.....####.#.÷.........
#...g...............#.. ####
#.....####.##.#.....### ...#
#..... #.#..#.....# ...###
#.?... #.#.## #### .....# #>....
#.#.# ####.# ###### #.#.#
#.##### #.#.#


You could see Ijyb.

Vanquished Creatures
  An orc priest (D:3)
  Natasha (D:3)
  Robin (D:3)
  4 adders
  4 gnolls (D:3)
  A dart slug (D:1)
  3 orcs (D:3)
  A ball python (D:3)
  5 bats
  5 giant cockroaches
  15 goblins
  7 hobgoblins
  7 jackals
  5 kobolds
  A quokka (D:3)
  4 frilled lizards
  5 rats
70 creatures vanquished.

Notes
Turn   | Place    | Note
-------+----------+-------------------------------------------
     0 | D:1      | Curus the Minotaur Monk began the quest for the Orb.
     0 | D:1      | Reached XP level 1. HP: 19/19 MP: 0/0
   134 | D:1      | Reached skill level 4 in Polearms
   149 | D:1      | Reached XP level 2. HP: 17/26 MP: 1/1
   397 | D:1      | Found a shimmering altar of Xom.
   793 | D:2      | Reached skill level 5 in Polearms
   793 | D:2      | Reached XP level 3. HP: 30/31 MP: 2/2
   928 | D:2      | Found a hide-covered altar of Uskayaw.
   932 | D:2      | Found a snail-covered altar of Cheibriados.
   939 | D:2      | Found an iron altar of Okawaru.
   942 | D:2      | Became a worshipper of Warmaster Okawaru
   942 | D:2      | Reached * piety under Okawaru
   942 | D:2      | Reached ** piety under Okawaru
  1561 | D:3      | Reached skill level 6 in Polearms
  1561 | D:3      | Reached XP level 4. HP: 34/39 MP: 3/3
  1659 | D:3      | Found a faded altar of an unknown god.
  1684 | D:3      | Noticed Natasha
  1693 | D:3      | Killed Natasha
  1693 | D:3      | Reached skill level 7 in Polearms
  1693 | D:3      | Reached XP level 5. HP: 36/45 MP: 4/4
  1787 | D:3      | Identified the +1 helmet of Kikubaaqudgha's Pride {rF+
                  | Dex+5 SInv}
  1787 | D:3      | Noticed Robin
  1811 | D:3      | Killed Robin
  1861 | D:3      | Noticed Ijyb
  1865 | D:3      | Splashed by Ijyb's acid

Skill      XL: |  1  2  3  4 |
---------------+-------------+-----
Polearms       | 4 5 6 7 |  7.7
Fighting       | |  3.6
Dodging        | |  3.2
Stealth        | |  1.5

Action                   |  1- 3 |  4- 6 || total
-------------------------+-------+-------++-------
Melee: Spear             |    90 |   101 ||   191
       Headbutt          |     9 |    11 ||    20
  Use: Potion            |     2 |       ||     2
       Scroll            |     6 |       ||     6
 Stab: Sleeping          |     1 |       ||     1
  Eat: Chunk             |     2 |     1 ||     3
Armor: Robe              |     3 |       ||     3
       Chain mail        |    33 |    35 ||    68
Dodge: Dodged            |    32 |    22 ||    54
